 Dungeon Crawl Stone Soup version 0.29-a0-664-gff9cad4a3d (webtiles) character file.

Game seed: 16953561508445216325

49 DocClef the Skirmisher (level 3, -19/21 HPs)
             Began as a Vine Stalker Fighter on June 22, 2022.
             Killed by an exploding giant cockroach (37 damage)
             ... ignited by their inner flame
             ... on level 2 of the Dungeon.
             The game lasted 00:01:39 (1641 turns).

DocClef the Skirmisher (Vine Stalker Fighter)       Turns: 1641, Time: 00:01:40

Health: -19/21     AC:  6    Str: 20    XL:     3   Next: 75%
Magic:  0/4        EV:  9    Int:  8    God:
Gold:   50         SH:  4    Dex: 13    Spells: 2/2 levels left

rFire   . . .      SeeInvis .   a - +1 flail
rCold   . . .      Faith    .   c - +0 buckler
rNeg    . . .      Spirit   +   b - +0 scale mail
rPois   .          Reflect  .   (no helmet)
rElec   .          Harm     .   (no cloak)
rCorr   .          Rampage  .   (no gloves)
Will    .....                   (no boots)
Stlth   ..........              (no amulet)
HPRegen 0.07/turn               (no ring)
MPRegen 0.09/turn               (no ring)

@: no status effects
A: fangs 2, magic shield, antimagic bite, no potion heal 2
a: no special abilities


You were on level 2 of the Dungeon.
You visited 1 branch of the dungeon, and saw 2 of its levels.

You collected 50 gold pieces.

Inventory:

Hand Weapons
 a - a +1 flail (weapon)
Armour
 b - a +0 scale mail (worn)
 c - a +0 buckler (worn)
Jewellery
 i - a ring of flight
Scrolls
 h - a scroll of identify
Potions
 d - a potion of might
 e - a potion of cancellation


   Skills:
 + Level 4.2 Fighting
 - Level 1.7 Maces & Flails
 - Level 2.4 Armour
 - Level 2.6 Shields


You had 2 spell levels left.
You didn't know any spells.
Your spell library was empty.

Dungeon Overview and Level Annotations

Branches:
Dungeon (2/15)

Altars:
Ru


Innate Abilities, Weirdness & Mutations

You have extremely sharp teeth.
When hurt, damage is shared between your health and your magic reserves.
Your bite disrupts and absorbs the magic of your enemies.
Potions cannot restore your health.


Message History

You kill the endoplasm!
You start resting.
You feel less attractive to monsters.
You start resting.
Magic restored.
Key pressed, stopping explore.
Key pressed, stopping explore.
HP restored.
j - a scroll labelled VEYN CAHIPEBI
Things that are here:
a +0 dagger; a goblin corpse
k - a scroll labelled AXETESHR TERPHU Key pressed, stopping explore.
Key pressed, stopping explore.
A giant cockroach comes into view.
As you read the scroll labelled MYESYIGE NIZU, it crumbles to dust.
You hear a loud clanging noise!
It was a scroll of noise.
As you read the scroll labelled QESHRE PU FOF, it crumbles to dust.
It is a scroll of enchant weapon.
Your +0 flail glows red for a moment.
The giant cockroach bites you. The giant cockroach misses you.
As you read the scroll labelled AXETESHR TERPHU, it crumbles to dust.
The creatures around you are filled with an inner flame!
It was a scroll of immolation.
The giant cockroach bites you but does no damage.
As you read the scroll labelled VEYN CAHIPEBI, it crumbles to dust.
You feel aware of your surroundings.
It was a scroll of magic mapping.
The giant cockroach bites you but does no damage.
As you read the scroll labelled OLOAR QAWAT, it crumbles to dust.
It is a scroll of identify.
You don't have any unidentified items.
The giant cockroach bites you.
You barely miss the giant cockroach. Your bite misses the giant cockroach.
The giant cockroach bites you but does no damage. x2
You thump the giant cockroach!
The giant cockroach explodes!
The fiery explosion engulfs you!!!
Ouch! That really hurt!
You die...

...............#***.,,,,* #..#.#
........(.#.###....,,,,,* #..#.#
..........#.# #.*##,,,,,* #..#.#
.....###.|#.# #.* *,,,,,* #.....
............# #.* ******* ####.#
.....###.#..#*#.* ######## #.#
###..#,..#...##.* #......# #.#
#)#..#.#####..ยง.####.####.# #.#
###..#.,,*,,.###@......##.#####.#
.....#**,*,,*# #.###.#..........#
#.#.##**,,,,***#.# #.####.#######
#...,,,****,,,,..# #.####.#
,,,,,,,,* ****#### #......#
,,,,,*,,** ######## *,*,**,,,****
*,****,*,,,,* *,,,,,,,,**,*


There were no monsters in sight!

Vanquished Creatures
  An adder (D:2)
  A worm (D:2)
  4 ball pythons (D:1)
  8 endoplasms
  3 giant cockroaches
  2 hobgoblins (D:1)
  2 bats (D:1)
  2 frilled lizards (D:1)
  3 goblins
  5 kobolds
  4 rats
35 creatures vanquished.

Notes
Turn   | Place    | Note
-------+----------+-------------------------------------------
     0 | D:1      | DocClef the Vine Stalker Fighter began the quest for the
                  | Orb.
     0 | D:1      | Reached XP level 1. HP: 11/11 MP: 2/2
     4 | D:1      | Found a faded altar of an unknown god.
    22 | D:1      | Reached skill level 3 in Fighting
   322 | D:1      | Reached XP level 2. HP: 16/16 MP: 3/3
   855 | D:1      | Reached XP level 3. HP: 17/21 MP: 2/4
  1123 | D:2      | Found a sacrificial altar of Ru.
  1139 | D:2      | Reached skill level 4 in Fighting
  1641 | D:2      | Killed by an exploding giant cockroach... ignited by their
                  | inner flame

Illustrated notes

Levels and vault maps discovered:
D:1:      scummos_arrival_checkerplants, layout_rooms,
          ebering_ecumenical_altar_box
D:2:      layout_loops_cross, basic_altar, item_on_display_a

Skill      XL: |  1  2  3 |
---------------+----------+-----
Fighting       | 3 4 |  4.2
Maces & Flails | |  1.7
Armour         | |  2.4
Shields        | |  2.6

Action                   || total
-------------------------++-------
Melee: Flail             ||    89
       Bite              ||    16
  Use: Scroll            ||     6
       Potion            ||     8
Armor: Scale mail        ||    61
Dodge: Dodged            ||    50
Block: Buckler           ||    25

Table legend: (Time is in decaauts)
 A = Elapsed time spent in this place.
 B = Non-inter-level travel time spent in this place.
 C = Inter-level travel time spent in this place.
 D = Time resting spent in this place.
 E = Time spent auto-exploring this place.
 F = Levels seen in this place.
 G = Mean time per level.
                   A        B        C        D        E       F      G
               +--------+--------+--------+--------+--------+-----+--------+
         Total |   1678 |   1668 |     10 |    468 |    955 |   2 |  839.0 |
       Dungeon |   1678 |   1668 |     10 |    468 |    955 |   2 |  839.0 |
               +--------+--------+--------+--------+--------+-----+--------+

Top non-repeatable levels by time:
     D:1: 1088 daAuts
     D:2: 590 daAuts
